 Dungeon Crawl Stone Soup version 0.30-a0-4-ga7cffc901d (webtiles) character file.

Game seed: 3557568040354108053

119 Setbun the Sneak (level 5, -8/29 HPs)
             Began as a Kobold Enchanter on Aug 20, 2022.
             Mangled by a gnoll
             ... wielding a +0 halberd
              (13 damage)
             ... on level 3 of the Dungeon.
             The game lasted 00:02:26 (3528 turns).

Setbun the Sneak (Kobold Enchanter)                 Turns: 3528, Time: 00:02:26

Health: -8/29      AC:  4    Str:  5    XL:     5   Next: 24%
Magic:  9/9        EV: 15    Int: 17    God:
Gold:   167        SH:  0    Dex: 17    Spells: 9/9 levels left

rFire   . . .      SeeInvis .    q - +1 dagger (venom)
rCold   . . .      Faith    .    (no shield)
rNeg    . . .      Spirit   .    b - +0 robe
rPois   .          Reflect  .    (no helmet)
rElec   .          Harm     .    j - +0 cloak
rCorr   .          Rampage  .    n - +0 pair of gloves
Will    .....                    (no boots)
Stlth   ++++......               m - amulet of magic regeneration
HPRegen 0.09/turn                (no ring)
MPRegen 0.51/turn                (no ring)

@: no status effects
A: small, no large weapons, nightstalker 3
a: no special abilities


You were on level 3 of the Dungeon.
You visited 1 branch of the dungeon, and saw 3 of its levels.

You collected 167 gold pieces.

Inventory:

Hand Weapons
 a - a +1 dagger
 q - a +1 dagger of venom (weapon)
Armour
 b - a +0 robe (worn)
 j - a +0 cloak (worn)
 n - a +0 pair of gloves (worn)
Jewellery
 m - an amulet of magic regeneration (around neck)
Scrolls
 d - a scroll of blinking {unknown}
 e - 2 scrolls of fog {unknown}
 g - 2 scrolls of enchant weapon {unknown}
 i - 4 scrolls of teleportation {unknown}
 k - 5 scrolls of identify {unknown}
 l - a scroll of vulnerability {unknown}
 p - a scroll of amnesia {unknown}
 s - a scroll of noise {unknown}
Potions
 c - 3 potions of invisibility
 f - 4 potions of mutation {unknown}
 h - a potion of brilliance {unknown}
 o - a potion of heal wounds {unknown}
 r - 2 potions of curing {unknown}


   Skills:
 + Level 1.5 Fighting
 * Level 3.7 Short Blades
 + Level 3.2 Dodging
 + Level 4.6 Stealth
 + Level 2.7 Spellcasting
 + Level 3.3 Hexes


You had 9 spell levels left.
You didn't know any spells.
Your spell library contained the following spells:

 Spells                   Type           Power      Damage    Failure   Level
 Ensorcelled Hibernation  Hex/Ice        16%        N/A       14%         2
 Confusing Touch          Hex            13%        N/A       14%         3
 Tukima's Dance           Hex            13%        N/A       14%         3
 Dazzling Flash           Conj/Hex       16%        N/A       26%         3


Dungeon Overview and Level Annotations

Branches:
Dungeon (3/15)

Altars:
Ashenzari
Hepliaklqana
Makhleb
Okawaru
Qazlal
Sif Muna
Trog
Vehumet


Innate Abilities, Weirdness & Mutations

You are small and have problems with some larger weapons.
You are completely attuned to the shadows.


Message History

You miss the adder.
The adder is moderately wounded.
The adder completely misses you. The giant cockroach closely misses you.
You hit the adder.
The adder looks as sick as possible!
The adder is heavily wounded.
The adder misses you.
The gnoll hits you from afar with a +0 halberd!
The kobold closely misses you. The giant cockroach closely misses you.
You are too injured to fight recklessly!
You are too injured to fight recklessly!
You are too injured to fight recklessly!
You are too injured to fight recklessly!
You are too injured to fight recklessly!
You are too injured to fight recklessly!
Unknown command.
The adder closely misses you. The adder attacks as you move away!
The adder closely misses you.
You kill the adder!
The giant cockroach closely misses you.
The giant cockroach attacks as you move away!
The giant cockroach bites you but does no damage.
There is an open door here.
The giant cockroach bites you but does no damage.
The giant cockroach barely misses you. The giant cockroach misses you.
The giant cockroach bites you but does no damage.
The giant cockroach completely misses you.
The giant cockroach bites you but does no damage.
The giant cockroach closely misses you. The giant cockroach closely misses you.
The giant cockroach bites you. The gnoll closely misses you.
The giant cockroach bites you but does no damage.
The gnoll misses you. The giant cockroach bites you.
* * * LOW HITPOINT WARNING * * *
The gnoll closely misses you. The giant cockroach closely misses you.
The giant cockroach bites you.
* * * LOW HITPOINT WARNING * * *
The gnoll closely misses you.
The giant cockroach bites you but does no damage.
The gnoll hits you from afar with a +0 halberd!
You die...

...##...## ##...##
##.#.....#####.....#
#.#...............#
#.#.....#####.....#
#.##...##...##...##
##.###^##.....##.##
##..##.#.......#.#
##...'.#...)..gB.#
##.###.#.......#@#
##.###.##..†.(##.##
...##...##...##...##
.#.#...).#####.....#######
...#...............##....#
.#.#.....#####..)..##....#
.#.##...## ##...###....#
.<).##### ##### #....#
.#..# #....########


You could see a gnoll and a giant cockroach.

Vanquished Creatures
  5 adders
  4 dart slugs
  9 endoplasms
  4 giant cockroaches
  7 goblins
  4 hobgoblins
  2 jackals (D:1)
  A quokka (D:2)
  3 ball pythons
  2 bats (D:2)
  4 frilled lizards
  9 kobolds
  7 rats
61 creatures vanquished.

Vanquished Creatures (others)
  2 plants (D:3)
2 creatures vanquished.

Grand Total: 63 creatures vanquished

Notes
Turn   | Place    | Note
-------+----------+-------------------------------------------
     0 | D:1      | Setbun the Kobold Enchanter began the quest for the Orb.
     0 | D:1      | Reached XP level 1. HP: 10/10 MP: 3/3
   876 | D:1      | Reached XP level 2. HP: 10/15 MP: 5/5
  1082 | D:1      | Reached XP level 3. HP: 20/20 MP: 6/6
  1511 | D:2      | Found a bloodstained altar of Trog.
  1660 | D:2      | Found a faded altar of an unknown god.
  1870 | D:2      | Reached skill level 1 in Fighting
  1870 | D:2      | Reached XP level 4. HP: 25/25 MP: 7/7
  2622 | D:3      | Found a shimmering blue altar of Sif Muna.
  2841 | D:3      | Reached XP level 5. HP: 23/29 MP: 8/8
  3087 | D:3      | Found a hazy altar of Hepliaklqana.
  3315 | D:3      | Found a radiant altar of Vehumet.
  3315 | D:3      | Found a broken altar of Ashenzari.
  3319 | D:3      | Found a stormy altar of Qazlal.
  3326 | D:3      | Found a bloodstained altar of Trog.
  3331 | D:3      | Found a burning altar of Makhleb.
  3334 | D:3      | Found an iron altar of Okawaru.
  3528 | D:3      | Mangled by a gnoll

Illustrated notes

Levels and vault maps discovered:
D:1:      tarquinn_simple_flora_water_f, layout_basic,
          dreamdust_princess_bridge, kennysheep_decorative_pillar
D:2:      minmay_evil_eye, layout_basic, basic_altar,
          ebering_ecumenical_altar_box, dreamdust_mushroom_princess,
          minmay_misc_feat_chi
D:3:      minmay_octagon_keep, layout_basic, minmay_overflow_temple_hex,
          nicolae_hepliaklqana_hazy_memory, mainiacjoe_overflow_paths,
          minmay_fractal_squares_5

Skill      XL: |  1  2  3 |
---------------+----------+-----
Short Blades   | 2 3 |  3.7
Fighting       | 1 |  1.5
Dodging        | 3 |  3.2
Stealth        | |  4.6
Spellcasting   | |  2.7
Hexes          | |  3.3

Action                   |  1- 3 |  4- 6 || total
-------------------------+-------+-------++-------
Melee: Dagger            |    47 |    86 ||   133
 Stab: Sleeping          |    24 |    10 ||    34
       Distracted        |       |     1 ||     1
Armor: Robe              |     3 |    23 ||    26
Dodge: Dodged            |    15 |    70 ||    85

Table legend: (Time is in decaauts)
 A = Elapsed time spent in this place.
 B = Non-inter-level travel time spent in this place.
 C = Inter-level travel time spent in this place.
 D = Time resting spent in this place.
 E = Time spent auto-exploring this place.
 F = Levels seen in this place.
 G = Mean time per level.
                   A        B        C        D        E       F      G
               +--------+--------+--------+--------+--------+-----+--------+
         Total |   3507 |   3387 |    120 |    382 |   2600 |   3 | 1169.0 |
       Dungeon |   3507 |   3387 |    120 |    382 |   2600 |   3 | 1169.0 |
               +--------+--------+--------+--------+--------+-----+--------+

Top non-repeatable levels by time:
     D:1: 1376 daAuts
     D:3: 1213 daAuts
     D:2: 917 daAuts
